[Event "Delancey UK Schools 2019 U18"]
[Site "Daventry"]
[Date "2019.09.24"]
[Round "6.9"]
[White "Rathbone-Jones, Ifan"]
[Black "Carroll, Thomas"]
[Result "1/2-1/2"]
[ECO "D02"]
[WhiteElo "1879"]
[BlackElo "2036"]
[Annotator "NA"]
[PlyCount "73"]
[EventDate "2019.09.24"]
[EventCountry "GBR"]
[SourceTitle "playchess.com"]
[Source "ChessBase"]
[SourceQuality "1"]
[TimeControl "40/5400+30:1800+30"]

1. d4 d5 2. Bf4 c5 3. e3 Nf6 4. c3 Qb6 5. Qc2 Nc6 6. Nf3 Bf5 7. dxc5 Bxc2 8. cxb6 axb6 9. Na3 Bf5 10. Nb5 Kd7 11. Nbd4 Be4 12. Nxc6 bxc6 13. Ne5+ Kc8 14. Nxf7 Rg8 15. Ne5 Kb7 16. f3 Bf5 17. g4 Be6 18. Bd3 g5 19. Bg3 h5 20. h3 Bg7 21. a3 Nd7 22. Nxd7 Bxd7 23. gxh5 Raf8 24. Ke2 Be8 25. Bg6 Bxg6 26. hxg6 Bf6 27. Rag1 Rxg6 28. Bf2 Rh6 29. f4 gxf4 30. exf4 Rfh8 31. Rg3 Kc7 32. Rf3 c5 33. Kd3 Kd6 34. Be3 Rh5 35. b4 c4+ 36. Kc2 b5 37. Bc5+ 1/2-1/2

[Event "Delancey UK Schools 2019 U18"]
[Site "Daventry"]
[Date "2019.09.24"]
[Round "6.10"]
[White "Jaufarally, Nadia"]
[Black "Stewart, Lilya"]
[Result "1-0"]
[ECO "B35"]
[WhiteElo "1991"]
[BlackElo "1567"]
[Annotator "NA"]
[PlyCount "35"]
[EventDate "2019.09.24"]
[EventCountry "GBR"]
[SourceTitle "playchess.com"]
[Source "ChessBase"]
[SourceQuality "1"]
[TimeControl "40/5400+30:1800+30"]

1. e4 c5 2. Nf3 Nc6 3. d4 cxd4 4. Nxd4 g6 5. Nc3 Bg7 6. Be3 Nf6 7. Bc4 O-O 8. Bb3 a5 9. f3 Qb6 10. Nf5 Qa6 11. Nxg7 Kxg7 12. Qd2 Kg8 13. Bh6 Rd8 14. Nd5 Ne8 15. Qf4 Nd6 16. Nxe7+ Nxe7 17. Qf6 Ne8 18. Bxf7# 1-0

[Event "Delancey UK Schools 2019 U18"]
[Site "Daventry"]
[Date "2019.09.24"]
[Round "6.13"]
[White "Nayak, Raghav"]
[Black "Kirklys, Domantas"]
[Result "1-0"]
[ECO "C44"]
[WhiteElo "1914"]
[BlackElo "1125"]
[Annotator "NA"]
[PlyCount "69"]
[EventDate "2019.09.24"]
[EventCountry "GBR"]
[SourceTitle "playchess.com"]
[Source "ChessBase"]
[SourceQuality "1"]
[TimeControl "40/5400+30:1800+30"]

1. e4 e5 2. Nf3 Nc6 3. Bb5 d6 4. d4 Bd7 5. c3 Nf6 6. Nbd2 Be7 7. O-O O-O 8. Bd3 exd4 9. cxd4 Bg4 10. h3 Bh5 11. g4 Bg6 12. Qe2 h6 13. Rd1 Nh7 14. Nf1 Ng5 15. Nxg5 Bxg5 16. Bc2 d5 17. f4 Bh4 18. f5 Bh7 19. e5 Bg5 20. Nh2 Bxc1 21. Raxc1 f6 22. e6 Qd6 23. Kg2 Ne7 24. Nf3 b6 25. Nh4 Rfe8 26. Bd3 c6 27. Rc3 Rac8 28. Rdc1 Qb4 29. Qf2 Rc7 30. Qf4 Rec8 31. Ba6 g5 32. fxg6 Nxg6 33. Nxg6 Bxg6 34. Bxc8 Rxc8 35. Qd2 1-0